[Event "Early-Titled-Tuesday-Blitz-August-29-2023"]
[Site "Chess.com"]
[Date "2023.08.29"]
[Round "2"]
[White "Arystanner"]
[Black "vladoboch"]
[Result "0-1"]
[WhiteElo "2855"]
[BlackElo "2440"]
[TimeControl "180+1"]
[EndTime "8:18:08 PDT"]
[Termination "vladoboch won by checkmate"]

1. d4 Nf6 2. c4 g6 3. Nc3 Bg7 4. e4 d6 5. Be2 O-O 6. Nf3 e5 7. O-O Nc6 8. d5 Ne7 9. b4 Ne8 10.
c5 h6 11. a4 f5 12. Bc4 f4 13. b5 g5 14. Nd2 g4 15. f3 g3 16. Ba3 Ng6 17. Re1 Qh4 18. Nf1 Kh7 19. b6 Rg8 20. bxc7 Bf8 21. cxd6 Bxd6 22. Nb5 Bxa3 23. Rxa3 gxh2+ 24. Nxh2 Qg3 25. d6 Rg7 26. Ra2 Nh4 27. Bf1 Nf6 28. Qe2 Bh3 29. Qf2 Qg5 30. Kh1 Rag8 31. Ree2 Nh5 32. Rec2 Nxg2 33. Bxg2 Bxg2+ 34. Qxg2 Qh4 35. c8=Q Qe1+ 36. Nf1 Rxg2 37. Qf5+ R2g6 38. Rc7+ Ng7 39.
Qxe5 Qxf1+ 40. Kh2 Qg1+ 41. Kh3 Qg3# 0-1

[Event "Early-Titled-Tuesday-Blitz-August-29-2023"]
[Site "Chess.com"]
[Date "2023.08.29"]
[Round "2"]
[White "Maluco_do_Natal_00"]
[Black "GMForgacs"]
[Result "0-1"]
[WhiteElo "1927"]
[BlackElo "2428"]
[TimeControl "180+1"]
[EndTime "8:18:08 PDT"]
[Termination "GMForgacs won on time"]

1. e4 e5 2. Nf3 Nc6 3. Bb5 a6 4.
Ba4 Nf6 5. O-O Be7 6. Re1 b5 7. Bb3 O-O 8. a4 b4 9. a5 d6 10. h3 Be6 11. c3 bxc3 12. bxc3 Qd7 13. Ba4 Bc4 14. d3 Bb5 15. Bb3 Nd8 16. Na3 Bc6 17. Nc4 Ne6 18. Ne3 Nf4 19. Nd5 N6xd5 20. exd5 Bxd5 21. Bxf4 Bxb3 22. Qxb3 exf4 23. Qc4 Bf6 24. d4 Qb5 25. Qa2 Rab8 26. Rab1 Qh5 27. Qc4 Qxa5 28.
Ra1 Qb5 29. Qa2 Ra8 30. Nd2 a5 31. Ne4 Qf5 32. f3 a4 33. Qc4 d5 34. Nxf6+ Qxf6 35. Qxd5 a3 36. Ra2 c6 37. Qc5 Rfe8 38. Rxe8+ Rxe8 39. Rxa3 Qg6 40. Ra1 h5 41. Qc4 Qc2 42. Kh2 Qf2 43.
Rg1 Re2 44. Qxc6 g6 45. Qc8+ Kh7 46. Qd7 Kg7 47. Qd6 Qxf3 0-1

[Event "Early-Titled-Tuesday-Blitz-August-29-2023"]
[Site "Chess.com"]
[Date "2023.08.29"]
[Round "2"]
[White "Diaschess88"]
[Black "ElenaPershina"]
[Result "1/2-1/2"]
[WhiteElo "2643"]
[BlackElo "2413"]
[TimeControl "180+1"]
[EndTime "8:18:09 PDT"]
[Termination "Game drawn by repetition"]

1. e4 c5 2. Nf3 Nc6 3. Nc3 e5 4.
Bc4 Be7 5. d3 Nf6 6. h3 d6 7.
Nh2 a6 8. a4 Nd4 9. Ng4 Nxg4 10. hxg4 Bg5 11. Nd5 O-O 12. c3 Ne6 13. a5 Nf4 14.
Nxf4 Bxf4 15. Bxf4 exf4 16. Qd2 b5 17. Bd5 Ra7 18. Qxf4 Be6 19. Bxe6 fxe6 20. Qh2 h6 21. f4 Raf7 22. g3 e5 23. g5 exf4 24. gxh6 g6 25. h7+ Kh8 26. gxf4 Rxf4 27. O-O-O Qxa5 28.
Kb1 b4 29. cxb4 Qxb4 30. Qc2 Rf2 31. Qc3+ Qxc3 32. bxc3 Rb8+ 33. Ka1 Rb3 34. d4 Ra3+ 35. Kb1 Rb3+ 36. Ka1 Ra3+ 37. Kb1 Rb3+ 38. Ka1 1/2-1/2

[Event "Early-Titled-Tuesday-Blitz-August-29-2023"]
[Site "Chess.com"]
[Date "2023.08.29"]
[Round "2"]
[White "GMBenjaminBok"]
[Black "Martial2008"]
[Result "1-0"]
[WhiteElo "2909"]
[BlackElo "2602"]
[TimeControl "180+1"]
[EndTime "8:18:11 PDT"]
[Termination "GMBenjaminBok won on time"]

1. d4 Nf6 2. c4 c5 3. Nf3 cxd4 4. Nxd4 e5 5. Nb5 d5 6. cxd5 Bc5 7. e3 O-O 8. N5c3 e4 9. Be2 Bf5 10. g4 Bg6 11. h4 h6 12. Nd2 Nbd7 13. g5 hxg5 14. hxg5 Nh7 15. Ndxe4 Nxg5 16. Nxc5 Nxc5 17. Qd4 Nce4 18. f3 Nxc3 19. bxc3 Qa5 20. e4 f6 21.
Rg1 Qd8 22. f4 Nxe4 23. Rxg6 Re8 24. Ba3 Rc8 25. Bb2 Qa5 26. d6 Nxc3 27. Bxc3 Rxc3 28.
Kf1 Rc2 29. Qxf6 Qc3 30. Rxg7+ Kh8 31. Qxc3 Rxc3 32. Re7 Rxe7 33. dxe7 Re3 34. Rd1 Rxe7 35. Kf2 Kg7 36. Rd6 b6 37. Kf3 Kf7 38. Bc4+ Kg7 39. f5 Re5 40. Kf4 Rc5 41. f6+ Kg6 42. Bb3 a5 43.
f7+ Kg7 44. Rd8 1-0

[Event "Early-Titled-Tuesday-Blitz-August-29-2023"]
[Site "Chess.com"]
[Date "2023.08.29"]
[Round "2"]
[White "C_K_G"]
[Black "SAInt_666"]
[Result "0-1"]
[WhiteElo "1993"]
[BlackElo "2680"]
[TimeControl "180+1"]
[EndTime "8:18:11 PDT"]
[Termination "SAInt_666 won on time"]

1. e4 c6 2. Nf3 d5 3. Nc3 dxe4 4. Nxe4 Nf6 5. Nxf6+ exf6 6. d4 Bd6 7. Bd3 O-O 8. O-O Bg4 9. h3 Bh5 10. Re1 Nd7 11.
Be3 Qc7 12. Be2 Rfe8 13. Nh4 Bxe2 14. Qxe2 g6 15. Nf3 Nf8 16. Qd3 b5 17. c4 bxc4 18. Qxc4 Rac8 19. Rac1 Qb7 20. Rc2 Nd7 21. Bh6 Rxe1+ 22.
Nxe1 Nb6 23. Qd3 Nd5 24. Qf3 Qb4 25. Rd2 Re8 26. Nd3 Qxd4 27. g3 Qc4 28. Re2 Rxe2 29.
Qxe2 Ne7 30. b3 Qe6 31. Qf3 Nf5 32. Bd2 Nd4 33. Qe3 Qd5 34. Ne1 h5 35. Bc3 Be5 36. f4 Nf5 37. Qc1 Qc5+ 0-1

[Event "Early-Titled-Tuesday-Blitz-August-29-2023"]
[Site "Chess.com"]
[Date "2023.08.29"]
[Round "2"]
[White "laskakid"]
[Black "Kubas1010"]
[Result "0-1"]
[WhiteElo "2164"]
[BlackElo "2687"]
[TimeControl "180+1"]
[EndTime "8:18:12 PDT"]
[Termination "Kubas1010 won on time"]

1. d4 Nf6 2. c4 e6 3. Nc3 Bb4 4.
Qc2 O-O 5. Nf3 c5 6. dxc5 Na6 7.
g3 Nxc5 8. Bg2 Nce4 9. O-O Bxc3 10. bxc3 d5 11. cxd5 exd5 12. Bf4 Be6 13. Qb2 Qe7 14.
Rab1 b6 15. Nd4 Rac8 16. Rfc1 Rc4 17. Nb5 Rfc8 18. Be5 a6 19. Na3 Ra4 20. Nc2 b5 21. Nd4 Bd7 22. Bf4 Rac4 23. Bd2 Ng4 24. Be1 Ne5 25. Bxe4 dxe4 26. Bd2 h5 27. Kg2 h4 28.
Bf4 h3+ 29. Kg1 Ng4 30. e3 g5 31. Qe2 gxf4 32. exf4 Nf6 33. Rb2 Re8 34. Rd2 Bg4 35.
Qe3 b4 36. f5 Nd5 37. Qh6 Qf6 38. Qxf6 Nxf6 39. Rb2 Rec8 0-1

[Event "Early-Titled-Tuesday-Blitz-August-29-2023"]
[Site "Chess.com"]
[Date "2023.08.29"]
[Round "2"]
[White "dosto07"]
[Black "yuki_chess123"]
[Result "1-0"]
[WhiteElo "2471"]
[BlackElo "2204"]
[TimeControl "180+1"]
[EndTime "8:18:13 PDT"]
[Termination "dosto07 won by resignation"]

1. e4 c5 2. Nf3 Nc6 3. Bb5 Na5 4. O-O e6 5. Re1 a6 6. Bf1 d6 7. c3 Nf6 8. d4 cxd4 9. cxd4 Be7 10.
Nc3 O-O 11. Bg5 b5 12. a3 Bb7 13. Qe2 Nc4 14. Rad1 Nh5 15. Bc1 Rc8 16. Rd3 Qa5 17. Nd2 Nf6 18. Nxc4 bxc4 19. Rh3 e5 20. d5 Rfe8 21.
g4 Nd7 22. g5 Nf8 23. Qh5 Qd8 24. Be2 Rc7 25. Bg4 Bc8 26. Bf5 g6 27. Qg4 gxf5 28.
exf5 Qd7 29. Rf3 Bd8 30. Ne4 Kh8 31. Qh5 Rb7 32. h3 Rb3 33. Ree3 Rxe3 34. Bxe3 Qc7 35. Qh6 c3 36. bxc3 Nd7 37. g6 fxg6 38. fxg6 Nc5 39. Rf7 Qxf7 40. gxf7 Rg8+ 41. fxg8=Q+ Kxg8 42. Nxc5 dxc5 43. Bxc5 1-0

[Event "Early-Titled-Tuesday-Blitz-August-29-2023"]
[Site "Chess.com"]
[Date "2023.08.29"]
[Round "2"]
[White "Balla_Tamas"]
[Black "LUISMIGUELOV"]
[Result "1-0"]
[WhiteElo "2445"]
[BlackElo "2125"]
[TimeControl "180+1"]
[EndTime "8:18:13 PDT"]
[Termination "Balla_Tamas won on time"]

1. e4 c6 2. d4 d5 3. exd5 cxd5 4.
c4 Nf6 5. Nc3 e6 6. Nf3 Bb4 7. Bd3 dxc4 8. Bxc4 Qc7 9. Qb3 Nc6 10.
O-O O-O 11. Bg5 Be7 12. Bd3 Rd8 13. Rad1 h6 14. Bh4 Kf8 15. Bb1 b6 16. Rfe1 Bb7 17.
Bg3 Qd7 18. Ne5 Nxe5 19. dxe5 Nd5 20. Qc2 g6 21. Ne4 Rac8 22. Qd2 Kg7 23. Qe2 Qe8 24. Nd6 Qd7 25. Qf3 Bxd6 26. exd6 f5 27. Be5+ Kh7 28. Qg3 Rg8 29. Rd4 Rcd8 30. Rh4 h5 31. Qg5 Qf7 32. g4 Rd7 33. Kf1 Ba6+ 34. Kg1 Nb4 35. a3 Nd3 36. Bxd3 Bxd3 37. Re3 Be4 38. Rxe4 fxe4 39. Kf1 e3 40. f4 Rf8 41. gxh5 gxh5 42. Rxh5+ 1-0

[Event "Early-Titled-Tuesday-Blitz-August-29-2023"]
[Site "Chess.com"]
[Date "2023.08.29"]
[Round "2"]
[White "gueraumasague"]
[Black "baki83"]
[Result "0-1"]
[WhiteElo "2556"]
[BlackElo "2831"]
[TimeControl "180+1"]
[EndTime "8:18:14 PDT"]
[Termination "baki83 won by resignation"]

1. e4 c5 2. Nc3 Nc6 3. Bb5 Nd4 4. Nf3 Nxb5 5. Nxb5 a6 6. Nc3 b5 7. O-O Bb7 8. Re1 e6 9. d4 cxd4 10. Qxd4 Rc8 11. Bg5 f6 12. Bh4 Ne7 13. Rad1 Ng6 14. Bg3 e5 15. Qd3 Bb4 16. h4 Bxc3 17. bxc3 h5 18.
Rb1 Qc7 19. Red1 O-O 20. Nd2 Qxc3 21. Qe2 Bc6 22. Qxh5 Nh8 23. Qg4 Qxc2 24. Rbc1 Qb2 25. Nf3 Rf7 26. h5 Rcf8 27. h6 g6 28. Nh4 Kh7 29. f4 f5 30. Qg5 Bxe4 31. fxe5 f4 32. Bf2 f3 33. gxf3 Bxf3 34. Nxf3 Rxf3 35. Rxd7+ R3f7 36. Rxf7+ Nxf7 37. Rf1 Nxg5 0-1

[Event "Early-Titled-Tuesday-Blitz-August-29-2023"]
[Site "Chess.com"]
[Date "2023.08.29"]
[Round "2"]
[White "tsaruk_maks"]
[Black "BashirliSaadat"]
[Result "1-0"]
[WhiteElo "2751"]
[BlackElo "2395"]
[TimeControl "180+1"]
[EndTime "8:18:15 PDT"]
[Termination "tsaruk_maks won by resignation"]

1. e4 c6 2. d4 d5 3. exd5 cxd5 4. Bd3 Qc7 5. c3 Nf6 6. Nf3 Bg4 7. Bg5 Nbd7 8. h3 Bh5 9. O-O e6 10. Nbd2 Bd6 11. Qc2 O-O 12. Rae1 Bg6 13. Bxf6 Nxf6 14. Ne5 Rae8 15. f4 Bxd3 16. Qxd3 Nd7 17. Re2 f6 18. Nxd7 Qxd7 19. g3 Rf7 20. Rfe1 Rfe7 21. Nf3 b5 22. b4 Qc6 23. Re3 g6 24. h4 Kf7 25. h5 Rg8 26. Kg2 Rg7 27. hxg6+ hxg6 28. Rh1 Re8 29. Rh6 Reg8 30. Qe2 Bb8 31. Qf2 a6 32. Rh1 Rc8 33.
Rhe1 Re8 34. Nh4 g5 35. fxg5 Rxg5 36. Rf3 f5 37. Nxf5 exf5 38. Rxf5+ Rxf5 39. Qxf5+ Kg7 40.
Qg5+ Kf8 41. Rf1+ 1-0

[Event "Early-Titled-Tuesday-Blitz-August-29-2023"]
[Site "Chess.com"]
[Date "2023.08.29"]
[Round "2"]
[White "Good_Knight_Kiss"]
[Black "DanilNajdin"]
[Result "0-1"]
[WhiteElo "2359"]
[BlackElo "2542"]
[TimeControl "180+1"]
[EndTime "8:18:15 PDT"]
[Termination "DanilNajdin won on time"]

1. e4 g6 2. d4 c6 3. Nc3 d5 4. h3 Bg7 5. Nf3 Nf6 6. Bd3 dxe4 7. Nxe4 Nxe4 8. Bxe4 Nd7 9. c3 Nf6 10. Bc2 O-O 11. O-O Qc7 12. Re1 c5 13. dxc5 Qxc5 14.
Be3 Qc7 15. Bd4 Be6 16. Ng5 Bc4 17. Bb3 Rad8 18. Bxc4 Qxc4 19. Rxe7 Nd5 20. Rxb7 Nf4 21. Qf3 Ne2+ 22. Kh1 Nxd4 23. cxd4 Bxd4 24. Re1 h6 25. Ne4 Kg7 26. b3 Qd5 27. Re7 Rfe8 28. Nd2 Rxe7 29. Rxe7 Qxf3 30. Nxf3 Bxf2 31. g4 Kf6 32. Re2 Bb6 33.
Kg2 Rd3 34. Rc2 Re3 35. Rd2 Ke6 36. h4 Re4 0-1

[Event "Early-Titled-Tuesday-Blitz-August-29-2023"]
[Site "Chess.com"]
[Date "2023.08.29"]
[Round "2"]
[White "jk13"]
[Black "Beca95"]
[Result "1-0"]
[WhiteElo "2656"]
[BlackElo "2963"]
[TimeControl "180+1"]
[EndTime "8:18:16 PDT"]
[Termination "jk13 won by resignation"]

1. e4 c5 2. c3 d5 3. exd5 Nf6 4. d4 Nxd5 5. Nf3 e6 6. Bd3 cxd4 7. cxd4 Bb4+ 8. Nbd2 Nc6 9. O-O O-O 10. Ne4 Be7 11. a3 b6 12. Re1 Bb7 13. Bb1 a5 14. Qd3 g6 15. Bh6 Re8 16. Ba2 Ba6 17. Qd2 Rc8 18. Rad1 Bf8 19. h4 Bg7 20. h5 Rc7 21. Bxg7 Kxg7 22.
Bxd5 exd5 23. h6+ Kh8 24. Nf6 Re6 25. Qf4 Be2 26. Rxe2 Rxe2 27. Ng5 Rce7 28. Rd3 Re1+ 29. Kh2 Qc7 30. Qxc7 Rxc7 31. Rc3 Re6 32. Nxd5 Rc8 33.
Nxe6 fxe6 34. Nxb6 Rc7 35. d5 exd5 36. Nxd5 Rc8 37. b4 axb4 38. axb4 Na7 39. Rxc8+ Nxc8 40. Nf6 g5 41. Kg3 Nd6 42. Kf3 g4+ 43. Kxg4 Nc4 44. b5 Nb6 45. Kf4 Na4 46. Ke5 Nb6 47. Kd6 Nc4+ 48.
Kc7 Na5 49. Ne4 Kg8 50. b6 Kf7 51. b7 Nxb7 52. Kxb7 Ke6 53. Kc6 Kf5 54. f3 Kf4 55. Nf6 1-0

[Event "Early-Titled-Tuesday-Blitz-August-29-2023"]
[Site "Chess.com"]
[Date "2023.08.29"]
[Round "2"]
[White "Brave_spirit12"]
[Black "likantrophuss"]
[Result "1-0"]
[WhiteElo "2825"]
[BlackElo "2541"]
[TimeControl "180+1"]
[EndTime "8:18:16 PDT"]
[Termination "Brave_spirit12 won by resignation"]

1. e4 e5 2. Nf3 Nc6 3. d4 exd4 4. c3 d5 5. Bd3 dxe4 6. Bxe4 Bd6 7. O-O Nge7 8.
Nxd4 O-O 9. Nxc6 bxc6 10. Be3 a5 11. Nd2 Be6 12. Nf3 Rb8 13. Ng5 Bf5 14. Qc2 Qd7 15.
Rad1 h6 16. Bxf5 Nxf5 17. Ne4 Nxe3 18. fxe3 Qe6 19. b3 Rfe8 20. Nxd6 cxd6 21. Rf3 d5 22. Rdf1 f6 23. Rg3 Re7 24. Qf2 Kh8 25. Qf4 Ra8 26. Rff3 Qe4 27. Qd6 Qe6 28. Qxe6 Rxe6 29. Rf4 Rae8 30. Kf2 Re4 31. Rgf3 Kg8 32. Rxe4 Rxe4 33.
Rf4 Rxf4+ 34. exf4 c5 35. a3 Kf7 36. b4 axb4 37.
axb4 d4 38. b5 dxc3 39. Ke3 Ke6 40. Kd3 Kd5 41. Kxc3 f5 42. h3 g6 43. g3 h5 44. h4 c4 45. b6 Kc6 46. Kxc4 Kxb6 47. Kd5 Kb5 48. Ke5 Kc4 49. Kf6 Kd3 50. Kxg6 Ke3 51. Kxf5 Kf3 52. Kg5 Kxg3 53. f5 1-0

[Event "Early-Titled-Tuesday-Blitz-August-29-2023"]
[Site "Chess.com"]
[Date "2023.08.29"]
[Round "2"]
[White "Zurability"]
[Black "workhard91"]
[Result "1-0"]
[WhiteElo "2714"]
[BlackElo "2410"]
[TimeControl "180+1"]
[EndTime "8:18:17 PDT"]
[Termination "Zurability won on time"]

1. d4 Nf6 2. c4 e6 3. Nf3 d5 4. Nc3 dxc4 5. e4 b5 6. e5 Nd5 7.
Nxb5 Nb6 8. Be2 Nc6 9. Be3 Be7 10.
O-O O-O 11. Rc1 Nb4 12. a3 N4d5 13. Qd2 a5 14. Nc3 Ba6 15. Ne4 a4 16. Bg5 Bxg5 17.
Nfxg5 h6 18. Nf3 Rb8 19. Nc5 Bb5 20. Rfd1 Qe7 21. Bf1 Kh8 22. Qa5 c6 23. Nd2 f6 24.
Nde4 fxe5 25. dxe5 c3 26. Bxb5 cxb2 27. Rb1 cxb5 28.
Qxb5 Nf4 29. g3 Ng6 30. Qxb2 Nd5 31. Qd4 Rb3 32. Nxb3 axb3 33. Rxb3 Qf7 34. Nd6 Qc7 35. Rb2 Qc6 36. a4 Qa8 37. Ne4 Nge7 38. Nc5 Nf5 39. Qe4 1-0

[Event "Early-Titled-Tuesday-Blitz-August-29-2023"]
[Site "Chess.com"]
[Date "2023.08.29"]
[Round "2"]
[White "garfield_pg"]
[Black "Orest_Vovk"]
[Result "0-1"]
[WhiteElo "2358"]
[BlackElo "2534"]
[TimeControl "180+1"]
[EndTime "8:18:17 PDT"]
[Termination "Orest_Vovk won on time"]

1. d4 g6 2. e4 Nf6 3. e5 Nh5 4. Be2 d6 5. Bxh5 gxh5 6. Qxh5 dxe5 7. dxe5 Rg8 8. Qf3 Nc6 9. Bf4 Nd4 10. Qd1 Rxg2 11. Nf3 Nxf3+ 12. Qxf3 Bg4 13. Qd3 Qxd3 14.
cxd3 O-O-O 15. Nd2 Rxd3 16. Rc1 e6 17. Rc3 Rxc3 18. bxc3 Bc5 19. Bg3 Bh3 20. Ne4 Be7 21. Nd2 h5 22. Nf3 Rxg3 23. hxg3 Bg2 24. Rxh5 Bxf3 25.
Rh7 Kd7 26. Rxf7 Bh5 27. Rh7 Bg6 28. Rg7 Bb1 29. g4 Bxa2 30. f4 a5 31. f5 exf5 32. gxf5 Ke8 33. f6 Bd8 34. Kd2 a4 35. Rg4 b5 36.
Rb4 c6 37. Kd3 Be6 38. Ke4 a3 39.
Rb1 a2 40. Rh1 Bd5+ 0-1

[Event "Early-Titled-Tuesday-Blitz-August-29-2023"]
[Site "Chess.com"]
[Date "2023.08.29"]
[Round "2"]
[White "Firouzja2003"]
[Black "KononenkoD"]
[Result "1-0"]
[WhiteElo "3072"]
[BlackElo "2663"]
[TimeControl "180+1"]
[EndTime "8:18:18 PDT"]
[Termination "Firouzja2003 won by checkmate"]

1. e4 c6 2. Nc3 d5 3. Qf3 dxe4 4. Nxe4 Nf6 5. Bc4 Nbd7 6. d4 Nb6 7. Bd3 Qxd4 8. Ne2 Qd8 9. Bg5 Nbd7 10. O-O-O Nxe4 11. Bxe4 Qa5 12. h4 Qxa2 13. Nc3 Qa1+ 14. Nb1 e6 15. Rhe1 a5 16. Bxc6 Rb8 17. Rxd7 Bxd7 18. Bxd7+ Kxd7 19. Qxf7+ Kc6 20. Rxe6+ Bd6 21. Rxd6+ Kxd6 22. Bf4+ Kc5 23. Qc7+ Kb5 24. Qxg7 Ka6 25. Bxb8 Rxb8 26. Qxh7 Qa4 27. Qd3+ Qb5 28. Nc3 Qxd3 29. cxd3 b5 30. g4 Rg8 31. g5 Rh8 32. f4 Rxh4 33. f5 Rf4 34. f6 Rf1+ 35. Kd2 b4 36. Ne4 a4 37. g6 a3 38. bxa3 bxa3 39. g7 a2 40. g8=Q a1=Q 41. Qa8+ Kb6 42. Qb8+ Kc6 43. Qd6+ Kb5 44. Nc3+ Ka5 45. Qc5+ Ka6 46. Qc6+ Ka7 47. Nb5+ Kb8 48. Qc7+ Ka8 49. Qc8# 1-0

[Event "Early-Titled-Tuesday-Blitz-August-29-2023"]
[Site "Chess.com"]
[Date "2023.08.29"]
[Round "2"]
[White "KVAIDAN"]
[Black "Orujov2008"]
[Result "0-1"]
[WhiteElo "2381"]
[BlackElo "2605"]
[TimeControl "180+1"]
[EndTime "8:18:18 PDT"]
[Termination "Orujov2008 won on time"]

1. f4 d5 2. Nf3 Nf6 3. e3 c5 4.
Be2 Nc6 5. O-O Bg4 6. h3 Bf5 7. b3 g6 8. Bb2 Bg7 9. Ne5 O-O 10. Nxc6 bxc6 11. Nc3 Nd7 12. Na4 Bxb2 13. Nxb2 Nb6 14.
d3 Re8 15. Bf3 e5 16. e4 Bc8 17. Qc1 Qh4 18. exd5 cxd5 19. Nc4 dxc4 20. Bxa8 Nxa8 21.
bxc4 Bb7 22. Qe3 Nc7 23. Qxc5 Qg3 24. Rf2 Ne6 25. Qb5 Re7 26. fxe5 Nf4 27. c5 Nxg2 28. Kf1 Qxe5 29. Kg1 Qxa1+ 30. Kh2 Re1 31. c6 Nf4 32. Qxb7 Rh1+ 33. Kg3 Qg1+ 34. Kf3 Rxh3+ 35. Ke4 Qe1+ 36. Kd4 Qxf2+ 37. Kc4 Ne6 38. Qb8+ Kg7 39. Qe5+ Qf6 40. Qxf6+ Kxf6 41. d4 Ke7 42. d5 Rh4+ 43. Kb5 Kd6 0-1

[Event "Early-Titled-Tuesday-Blitz-August-29-2023"]
[Site "Chess.com"]
[Date "2023.08.29"]
[Round "2"]
[White "M1711"]
[Black "ShiroglanTalibov"]
[Result "0-1"]
[WhiteElo "2534"]
[BlackElo "2814"]
[TimeControl "180+1"]
[EndTime "8:18:19 PDT"]
[Termination "ShiroglanTalibov won on time"]

1. e4 c5 2. Nf3 Nc6 3. Bb5 d6 4.
O-O Bd7 5. c3 Nf6 6. Re1 a6 7. Bc4 b5 8. Bf1 e5 9. d4 Be7 10. a4 Rb8 11. d5 Na5 12. axb5 axb5 13. Na3 O-O 14. Nxe5 dxe5 15. d6 b4 16. dxe7 Qxe7 17. Nc4 Nxc4 18. Bxc4 Be6 19. Qe2 h6 20. f3 Nh5 21. Be3 Nf4 22. Bxf4 exf4 23. Red1 bxc3 24. bxc3 Rfd8 25. Bxe6 Qxe6 26. Rd2 Qe5 27. Rad1 Rxd2 28.
Qxd2 Rb3 29. Qd8+ Kh7 30. Qd7 Qf6 31. e5 Qxe5 32. Qxf7 Rxc3 33. h4 Re3 34. h5 Qg5 35.
Rf1 Re2 36. Rf2 Re1+ 37. Rf1 Re5 38. Rc1 Qg3 0-1

[Event "Early-Titled-Tuesday-Blitz-August-29-2023"]
[Site "Chess.com"]
[Date "2023.08.29"]
[Round "2"]
[White "LeoLV10"]
[Black "DarZay"]
[Result "1/2-1/2"]
[WhiteElo "2482"]
[BlackElo "2273"]
[TimeControl "180+1"]
[EndTime "8:18:21 PDT"]
[Termination "Game drawn by agreement"]

1. e4 c5 2. Nf3 Nc6 3. d4 cxd4 4. Nxd4 Nf6 5. Nc3 d6 6. Ndb5 a6 7. Nd4 e5 8. Nb3 Be6 9. Be2 d5 10. exd5 Nxd5 11. Nxd5 Bxd5 12. O-O Be7 13. Be3 O-O 14. c4 Be6 15. Nc5 Nd4 16. Bxd4 Qxd4 17. Nxe6 fxe6 18. Qc2 Bc5 19. Bf3 Rf4 20. Rad1 Qxc4 21. Qxc4 Rxc4 22. Bxb7 Rb8 23. Bxa6 Rc2 24. b3 Rf8 25. a4 Bxf2+ 26. Kh1 e4 27. Bc4 Rxc4 28. Rxf2 Rxf2 29. bxc4 e3 30. Re1 Rc2 31. Kg1 Rxc4 32. Rxe3 Rxa4 33. Rxe6 Rf4 34. h3 Kf7 35. Re3 Rc4 36. Kh2 Kg6 37.
h4 Rxh4+ 38. Kg3 Rc4 39. Re6+ Kf7 40. Re3 Kf6 41. Rf3+ Kg5 42. Ra3 h5 43. Ra5+ Kg6 44.
Kh3 Rg4 45. g3 Kh6 46. Ra6+ Rg6 47. Ra5 Rd6 48. Re5 Rd3 49. Kh4 Rd4+ 50. Kh3 g5 51. Re6+ Kg7 52. Re7+ Kf6 53. Rh7 Kg6 54. Ra7 1/2-1/2

[Event "Early-Titled-Tuesday-Blitz-August-29-2023"]
[Site "Chess.com"]
[Date "2023.08.29"]
[Round "2"]
[White "DKmirl"]
[Black "Magila31"]
[Result "1-0"]
[WhiteElo "2248"]
[BlackElo "2463"]
[TimeControl "180+1"]
[EndTime "8:18:21 PDT"]
[Termination "DKmirl won on time"]

1. d4 g6 2. Nf3 Bg7 3. g3 d6 4.
Bg2 Nf6 5. O-O O-O 6. Nc3 d5 7. Re1 Bf5 8. Ne5 c6 9. a4 a5 10. Be3 Na6 11. Qd2 Nb4 12. Rac1 Nd7 13. Nd3 Nb6 14. b3 Nxd3 15. exd3 Nc8 16. Bh6 Qd6 17. Bxg7 Kxg7 18. Nd1 Qf6 19. Ne3 Bd7 20. c4 e6 21.
Ng4 Qxd4 22. Qh6+ Kg8 23. h3 Ne7 24. Ne5 Nf5 25. Qd2 Be8 26. g4 Nh4 27. Qh6 Nxg2 28. Kxg2 f6 29. Nf3 Qxd3 30. Rxe6 Rf7 31. Rce1 Bd7 32.
Re7 Raf8 33. g5 Qf5 34. gxf6 Qxf6 35. Ng5 Qxf2+ 36. Kh1 Rxe7 37. Rxe7 Qf1+ 38. Kh2 Qg2+ 39. Kxg2 1-0

[Event "Early-Titled-Tuesday-Blitz-August-29-2023"]
[Site "Chess.com"]
[Date "2023.08.29"]
[Round "2"]
[White "MarcoRiehle"]
[Black "subham777"]
[Result "1-0"]
[WhiteElo "2819"]
[BlackElo "2540"]
[TimeControl "180+1"]
[EndTime "8:18:22 PDT"]
[Termination "MarcoRiehle won by checkmate"]

1. e4 e6 2. c4 d5 3. cxd5 exd5 4. Qb3 Nf6 5. e5 Ne4 6. Nc3 Nxc3 7. bxc3 Be7 8. d4 O-O 9. f4 c5 10. Nf3 Nc6 11. Be3 cxd4 12. cxd4 Bf5 13. Be2 Qa5+ 14. Kf2 Be4 15. Qxb7 Qb6 16. Qxb6 axb6 17. Nd2 f5 18.
Nxe4 fxe4 19. Rhb1 Nb4 20. Rb2 g5 21. g3 gxf4 22.
gxf4 Ra3 23. Rb3 Rxb3 24. axb3 Bh4+ 25. Kg2 Nc2 26. Ra7 Nxe3+ 27. Kh3 Bd8 28. Rd7 b5 29. e6 Re8 30. Bxb5 Bf6 31. Rd6 Re7 32. Bc6 Bxd4 33. b4 Bc3 34. b5 Nf5 35. Rxd5 Ne3 36. Rd8+ Kg7 37. b6 Nc4 38. b7 Rxb7 39. Bxb7 e3 40.
e7 e2 41. e8=Q e1=Q 42. Rd7+ Kh6 43. Qf8+ Kh5 44. Bf3+ Kg6 45. Qf7+ Kh6 46. Qxh7# 1-0

[Event "Early-Titled-Tuesday-Blitz-August-29-2023"]
[Site "Chess.com"]
[Date "2023.08.29"]
[Round "2"]
[White "GasconJR"]
[Black "bipe137"]
[Result "1/2-1/2"]
[WhiteElo "2664"]
[BlackElo "2414"]
[TimeControl "180+1"]
[EndTime "8:18:22 PDT"]
[Termination "Game drawn - insufficient material"]

1. Nf3 d5 2. g3 Nf6 3. Bg2 e6 4. O-O Be7 5. d3 c5 6. Bf4 Nc6 7. a4 b6 8. e4 Bb7 9. Nc3 h6 10. exd5 Nxd5 11. Nxd5 exd5 12. Ne5 Nxe5 13. Bxe5 O-O 14.
Re1 Bf6 15. Qf3 Bxe5 16. Rxe5 Qd7 17. a5 Rfe8 18. Rxe8+ Rxe8 19. h4 Bc6 20. axb6 axb6 21. c4 Rd8 22. d4 cxd4 23. Rd1 Ba8 24. Rxd4 Qa4 25. Qd1 Qxd1+ 26. Rxd1 d4 27. Bd5 b5 28. Rxd4 Bxd5 29. cxd5 Kf8 30. Kg2 Ke7 31. Kf3 Kd6 32. h5 g5 33. Ke4 Rc8 34. Rd2 g4 35. Kf5 Rg8 36. Kf6 Rg5 37. Kxf7 Rxh5 38. Kg6 Rh2 39. b4 h5 40. Kg5 Rh1 41. Kf4 Rh2 42. Rc2 Kxd5 43. Rc5+ Kd4 44. Rxb5 Rxf2+ 45. Kg5 Kc4 46. Rb8 Rf3 47. Kxh5 Rxg3 48. Rg8 Kxb4 49. Rxg4+ Rxg4 50. Kxg4 1/2-1/2

[Event "Early-Titled-Tuesday-Blitz-August-29-2023"]
[Site "Chess.com"]
[Date "2023.08.29"]
[Round "2"]
[White "Khromkin"]
[Black "ATM622"]
[Result "1-0"]
[WhiteElo "2334"]
[BlackElo "2498"]
[TimeControl "180+1"]
[EndTime "8:18:22 PDT"]
[Termination "Khromkin won by checkmate"]

1. d4 Nf6 2. c4 e6 3. Nf3 d5 4.
Nc3 Be7 5. Bg5 O-O 6. e3 Ne4 7. Bxe7 Qxe7 8. Qc2 Nxc3 9. Qxc3 dxc4 10. Bxc4 a6 11.
O-O b5 12. Be2 Bb7 13. Rac1 Rc8 14. Ne5 f6 15. Bf3 c5 16. Bxb7 Qxb7 17. Nd3 c4 18.
Nc5 Qe7 19. b3 Nd7 20. Nxd7 Qxd7 21. Qb2 cxb3 22. axb3 b4 23. h3 a5 24. Rxc8+ Rxc8 25. Rc1 Kf7 26. Qb1 g6 27. Rc4 Rxc4 28. bxc4 Qa4 29.
Qe4 Kg7 30. Qxe6 b3 31. Qe7+ Kh6 32. Qf8+ Kg5 33. Qc5+ Kh6 34. Qf8+ Kh5 35. g4+ Kg5 36. Kg2 Qa2 37. Kg3 Qxf2+ 38. Kxf2 b2 39. Kg3 f5 40.
h4# 1-0

[Event "Early-Titled-Tuesday-Blitz-August-29-2023"]
[Site "Chess.com"]
[Date "2023.08.29"]
[Round "2"]
[White "Flaccidmoves"]
[Black "Larina_Maria"]
[Result "1-0"]
[WhiteElo "2476"]
[BlackElo "2221"]
[TimeControl "180+1"]
[EndTime "8:18:22 PDT"]
[Termination "Flaccidmoves won on time"]

1. c4 e5 2. Nc3 f5 3. g3 Nf6 4. Bg2 Nc6 5. d3 Be7 6. Nf3 O-O 7.
O-O d6 8. Rb1 Qe8 9. b4 Bd8 10.
b5 Ne7 11. Qb3 Kh8 12. c5 Qh5 13. Ba3 e4 14. Nd4 d5 15. c6 b6 16. Bxe7 Bxe7 17.
Nxd5 Nxd5 18. Qxd5 Rd8 19. Qc4 Bf6 20. Ne6 Bxe6 21. Qxe6 exd3 22. exd3 Rxd3 23. Rfe1 Rdd8 24. Rb3 Re8 25. Rbe3 Rxe6 26. Rxe6 Rf8 27. f4 Qf7 28. Bd5 Qg6 29. Kg2 h5 30. Kf3 Qg4+ 31. Kg2 h4 32. Bf3 Qg6 33. Bd5 Qh5 34. Bf3 h3+ 35. Kf2 Qg6 36. Kf1 Rd8 37. R1e2 Rd1+ 38. Kf2 Bd4+ 39. R6e3 Bxe3+ 40. Rxe3 Qf6 41. Be2 Qb2 42. Kf3 Rh1 43.
Re8+ 1-0